 Dungeon Crawl Stone Soup version 0.18-a0-917-g8a3da5b (webtiles) character file.

95 dvd the Sneak (level 4, 0/27 HPs)
             Began as an Octopode Ice Elementalist on Dec 26, 2015.
             Was an Initiate of Qazlal.
             Killed from afar by an orc wizard (6 damage)
             ... with a magic dart
             ... on level 2 of the Dungeon.
             The game lasted 00:07:54 (2667 turns).

dvd the Sneak (Octopode Ice Elementalist)           Turns: 2667, Time: 00:07:55

Health: 0/27       AC:  1    Str:  7    XL:     4   Next: 65%
Magic:  6/7        EV: 13    Int: 17    God:    Qazlal [......]
Gold:   165        SH:  0    Dex: 13    Spells: 3 memorised, 1 level left

rFire  . . .     SeeInvis .     q - +0 long sword (slice)
rCold  . . .     Gourm    .     (no shield)
rNeg   . . .     Faith    .     (helmet restricted)
rPois  .         Spirit   .     (no amulet)
rElec  .         Dismiss  .     (no ring)
rCorr  .         Reflect  .     (no ring)
SustAt .         Harm     .     (no ring)
MR     .....                    (no ring)
Stlth  ++++......               (no ring)
                                (no ring)
                                (no ring)
                                (no ring)

@: slowed, very slow, not resistant to hostile enchantments, stealthy
A: almost no armour, amphibious, 8 rings, constrict 8, camouflage 1, gelatinous
body 1
a: Renounce Religion


You were on level 2 of the Dungeon.
You worshipped Qazlal.
Qazlal was noncommittal.
You were not hungry.

You visited 1 branch of the dungeon, and saw 3 of its levels.

You collected 165 gold pieces.

Inventory:

Hand Weapons
 e - a +0 short sword
 o - a +0 vampiric spear
 q - a +0 long sword of slicing (weapon)
Scrolls
 f - 6 scrolls of identify {unknown}
 g - a scroll of remove curse {unknown}
 i - 2 scrolls of fog {unknown}
 l - a scroll of amnesia {unknown}
 n - a scroll of teleportation {unknown}
 r - a scroll of noise {unknown}
 s - 2 scrolls of magic mapping {unknown}
Potions
 d - a potion of curing {unknown}
 h - a potion of might {unknown}
 j - a potion of resistance {unknown}
 p - a potion of cancellation {unknown}
Books
 a - a book of Frost

   Spells                             Type                      Level
   a - Freeze                         Ice                          1
   b - Throw Frost                    Conjuration/Ice              2
   c - Ozocubu's Armour               Charms/Ice                   3
   d - Throw Icicle                   Conjuration/Ice              4
   e - Summon Ice Beast               Ice/Summoning                4
   f - Condensation Shield            Ice                          4
Comestibles
 b - 3 bread rations
 c - a chunk of flesh
 k - a royal jelly
 m - a slice of pizza


   Skills:
 + Level 0.4 Fighting
 + Level 0.4 Short Blades
 + Level 2.8 Dodging
 + Level 4.1 Stealth
 - Level 0.2 Unarmed Combat
 + Level 2.3 Spellcasting
 + Level 1.2 Conjurations
 + Level 0.4 Charms
 + Level 3.6 Ice Magic


You had one spell level left.
You knew the following spells:

 Your Spells              Type           Power        Failure   Level  Hunger
a - Freeze                Ice            ##..         4%          1    #......
b - Throw Frost           Conj/Ice       ##....       14%         2    ###....
c - Ozocubu's Armour      Chrm/Ice       #.......     24%         3    ###....


Dungeon Overview and Level Annotations

Branches:
Dungeon (3/15)

Altars:
Dithmenos
Elyvilon
Qazlal
Yredelemnul

Annotations:
D:3 pario's ghost, amateur HuBe


Innate Abilities, Weirdness & Mutations

You cannot wear most types of armour.
You are amphibious.
You can wear up to eight rings at the same time.
You can use your tentacles to constrict eight enemies at once.
Your skin changes colour to match your surroundings (Stealth).
Your rubbery body absorbs attacks (AC +1).


Message History

The orc wizard hits you with a dagger.
There is a stone staircase leading up, spattered with blood here.
The orc wizard hits you with a dagger.
The orc wizard hits you but does no damage.
The orc wizard hits you with a dagger.
* * * LOW HITPOINT WARNING * * *
You climb upwards.
There is a stone staircase leading down here.
Casting: Freeze
Confirm with . or Enter, or press ? or * to list all spells.
Aiming: Freeze
Press: ? - help, Shift-Dir - straight line, f - orc wizard
Aim: an orc wizard, wielding a dagger and wearing a robe (fast)
You freeze the orc wizard.
The orc wizard is moderately wounded.
The orc wizard casts a spell.
The orc wizard blinks!
The orc wizard gestures at you while chanting.
The magic dart hits you!
You die...

#............#.#####
###.#######.#.......
#.# ####.#..####. #.#
#.......# #. #.#
#.##.#.## #. #.#
#.##.#.# #. #.#
#.##.#.# #. #.#
#.##.#.# #. #####@#
#.##.#.# #.
#...ยง.####.##.#.# #.
#...............#####.
#..####o...##.........
#..# #.#############<
#..# #.# ## #..# #.#
#..# #.######## #..#
#........#######


You could see an orc wizard.

Vanquished Creatures
  4 adders
  2 worms (D:2)
  2 giant geckos
  An orc (D:3)
  7 bats
  5 giant cockroaches
  5 hobgoblins
  6 kobolds
  3 ball pythons
  3 giant newts
  9 goblins
  9 rats
56 creatures vanquished.

Notes
Turn   | Place    | Note
--------------------------------------------------------------
     0 | D:1      | dvd the Octopode Ice Elementalist began the quest for the Orb.
     0 | D:1      | Reached XP level 1. HP: 11/11 MP: 3/3
   257 | D:1      | Reached XP level 2. HP: 17/17 MP: 5/5
   262 | D:1      | Learned a level 2 spell: Throw Frost
   560 | D:1      | You fall through a shaft!
   727 | D:2      | Found a stormy altar of Qazlal.
   745 | D:2      | Became a worshipper of Qazlal Stormbringer
   785 | D:2      | Found a faded altar to an unknown god.
   839 | D:2      | Found a shadowy altar of Dithmenos.
   848 | D:2      | Reached XP level 3. HP: 19/22 MP: 6/6
   853 | D:2      | Learned a level 3 spell: Ozocubu's Armour
  1570 | D:2      | Found a basalt altar of Yredelemnul.
  1605 | D:2      | Reached XP level 4. HP: 27/27 MP: 3/7
  1642 | D:2      | Found a white marble altar of Elyvilon.
  1804 | D:3      | Noticed pario's ghost (amateur HuBe)
  2458 | D:3      | Reached skill level 4 in Stealth
  2667 | D:2      | Killed from afar by an orc wizard

Vault maps used:
D:1:      nagdon_arrival_double_spiral
D:2:      kennysheep_ying_yang, grunt_dithmenos_smoke, grunt_qazlal_sundering,
          ecumenical_altar_1
D:3:      cheibriados_altar_wand_db

Action                   |  1- 3 |  4- 6 || total
-------------------------+-------+-------++-------
Melee: Unarmed           |     6 |       ||     6
       Short sword       |    41 |     4 ||    45
       Long sword        |       |    23 ||    23
 Cast: Freeze            |    16 |     7 ||    23
       Throw Frost       |     6 |     2 ||     8
       Ozocubu's Armour  |     2 |     3 ||     5
 Stab: Sleeping          |    11 |     5 ||    16
       Distracted        |       |     1 ||     1
  Eat: Chunk             |     3 |     4 ||     7
